 Dungeon Crawl Stone Soup version 0.23.0 (webtiles) character file.

Game seed: 6617938482626087914

47 Esekla the Conjurer (level 3, 0/26 HPs)
             Began as a Formicid Conjurer on Feb 12, 2019.
             Slain by a yak (4 damage)
             ... on level 14 of the Dungeon.
             The game lasted 00:23:48 (2016 turns).

Esekla the Conjurer (Formicid Conjurer)             Turns: 2016, Time: 00:23:49

Health: 0/26       AC:  9    Str: 12    XL:     3   Next: 97%
Magic:  1/6        EV: 10    Int: 15    God:
Gold:   50         SH:  0    Dex: 11    Spells: 3/6 levels left

rFire    + . .     SeeInvis +   f - -3 hunting sling (curse)
rCold    . . .     Gourm    .   (no shield)
rNeg     + . .     Faith    .   g - +4 ring mail
rPois    .         Spirit   .   (helmet unavailable)
rElec    .         Reflect  .   (no cloak)
rCorr    .         Harm     .   (no gloves)
MR       .....                  (no boots)
Stlth    +.........             (no amulet)
HPRegen  0.08/turn              e - ring of positive energy
MPRegen  0.10/turn              k - ring of protection from fire

@: no status effects
A: permanent stasis, dig shafts and tunnels, four strong arms, antennae 3
a: Dig, Shaft Self


You were on level 14 of the Dungeon.
You were not hungry.

You visited 1 branch of the dungeon, and saw 9 of its levels.

You collected 50 gold pieces.

Inventory:

Hand Weapons
 d - a +1 dagger of speed
 f - a cursed -3 hunting sling (weapon)
 i - a +3 dagger of venom
Missiles
 h - 15 sling bullets (quivered)
Armour
 a - a +0 robe
 g - a +4 ring mail (worn)
Jewellery
 e - a ring of positive energy (left hand)
 k - a ring of protection from fire (right hand)
Scrolls
 b - a scroll of identify
Potions
 j - a potion of agility
 m - a potion of flight
Comestibles
 c - 6 rations


   Skills:
 - Level 1.0 Fighting
 - Level 0.6 Short Blades
 * Level 0.5 Armour
 + Level 1.9 Dodging
 - Level 2.4 Stealth
 * Level 2.4 Spellcasting
 * Level 4.3 Conjurations


You had 3 spell levels left.
You knew the following spells:

 Your Spells              Type           Power        Failure   Level  Hunger
a - Magic Dart            Conj           ##..         9%          1    #......
b - Searing Ray           Conj           ##....       12%         2    ###....

Your spell library contained the following spells:

 Spells                   Type           Power        Failure   Level  Hunger
 Dazzling Spray           Conj/Hex       #.....       52%         3    ###....
 Iskenderun's Mystic Bla  Conj           ##......     63%         4    #####..
 Force Lance              Conj/Tloc      #.......     89%         4    #####..
 Fulminant Prism          Conj/Hex       #.........   89%         4    #####..


Dungeon Overview and Level Annotations

Branches:
Dungeon (12/15)            Temple (0/1) D:6
   Lair: D:8-11         Orc: D:9-12

Altars:
Ashenzari

Annotations:
D:3 Grinder


Innate Abilities, Weirdness & Mutations

You cannot be hasted, slowed, berserked, paralysed or teleported.
You can dig through walls and to a lower floor.
Your four strong arms can wield two-handed weapons with a shield.
You have a pair of large antennae on your head. (SInv)


Message History

The orc wizard shouts!
The worker ant twitches its antennae in your direction.
Found 39 gold pieces, a fuming white potion and a ration.
Found an escape hatch in the floor.
Are you sure you want to shaft yourself?
You feel quite a bit more hungry.
The orc warrior hits you but does no damage.
You begin to dig a shaft.
You continue digging a shaft.
The worker ant bites you but does no damage.
A shaft appears beneath you!
You fall through a shaft for 2 floors!
The shaft crumbles and collapses.
You hear a distant snort.
Hark!
There is a gateway to a gauntlet on this level.
Find the entrance quickly before the gate is sealed! 5 yaks, an unseen horror and a wraith come into view.
The yak bellows! x4; You hear an angry hiss.
Found 19 gold pieces and a scroll labeled SINKOFEKLO.
Are you sure you want to shaft yourself?
You feel somewhat more hungry. The yak gores you.
You die...

.. . #. # ..
.. ..
.###.#####...
......?...
#......###.
#..Y..W...
#.@# #Y## ...
...Y. ....Y.x
......Y {
.......
.......


You could see 5 yaks, an unseen horror (invisible) and a wraith.

Vanquished Creatures
  An adder (D:3)
  2 dart slugs (D:1)
  2 leopard geckos (D:1)
  2 giant cockroaches
  6 hobgoblins
  A quokka (D:8)
  4 bats (D:1)
  5 frilled lizards (D:1)
  4 goblins
  4 kobolds (D:1)
  A rat (D:1)
32 creatures vanquished.

Notes
Turn   | Place    | Note
-------+----------+-------------------------------------------
     0 | D:1      | Esekla the Formicid Conjurer began the quest for the Orb.
     0 | D:1      | Reached XP level 1. HP: 13/13 MP: 3/3
   412 | D:1      | Reached XP level 2. HP: 20/20 MP: 5/5
   486 | D:1      | Reached skill level 1 in Fighting
   497 | D:1      | Learned a level 2 spell: Searing Ray
   556 | D:1      | Reached skill level 4 in Conjurations
   637 | D:1      | Reached XP level 3. HP: 26/26 MP: 3/6
  1313 | D:2      | You fall through a shaft!
  1528 | D:3      | Noticed Grinder
  1587 | D:3      | You fall through a shaft for 3 floors!
  1605 | D:6      | Found a staircase to the Ecumenical Temple.
  1631 | D:5      | Entered Level 5 of the Dungeon
  1637 | D:5      | You fall through a shaft for 3 floors!
  1790 | D:8      | Found a shattered altar of Ashenzari.
  1982 | D:8      | Noticed a hippogriff
  1982 | D:8      | Noticed a brown ugly thing
  2009 | D:8      | You fall through a shaft for 2 floors!
  2009 | D:10     | Entered Level 10 of the Dungeon
  2009 | D:10     | Noticed a wyvern
  2012 | D:10     | You fall through a shaft for 2 floors!
  2012 | D:12     | Noticed an orc warrior
  2012 | D:12     | Noticed a centaur warrior skeleton
  2015 | D:12     | You fall through a shaft for 2 floors!
  2015 | D:14     | Noticed a yak
  2015 | D:14     | Noticed a yak
  2015 | D:14     | Noticed a yak
  2015 | D:14     | Noticed a yak
  2015 | D:14     | Noticed a yak
  2015 | D:14     | Noticed a wraith
  2015 | D:14     | Noticed an unseen horror
  2016 | D:14     | Slain by a yak

Skill      XL: |  1  2 |
---------------+-------+-----
Fighting       | 1 |  1.0
Conjurations   | 4 |  4.3
Short Blades   | |  0.6
Armour         | |  0.5
Dodging        | |  1.9
Stealth        | |  2.4
Spellcasting   | |  2.4

Action                   || total
-------------------------++-------
Melee: Dagger            ||    26
 Cast: Magic Dart        ||    46
       Searing Ray       ||     7
 Abil: Shaft Self        ||     7
  Use: Scroll            ||     8
 Stab: Sleeping          ||     3
  Eat: Ration            ||     2
Armor: Robe              ||     3
       Ring mail         ||    21
Dodge: Dodged            ||    36
